 Dungeon Crawl Stone Soup version 0.28-a0-723-g095bd1b44f (webtiles) character file.

Game seed: 7153085986626197373

1258 pascalblue the Destroyer (level 8, -6/41 HPs)
             Began as a Deep Elf Conjurer on Oct 25, 2021.
             Killed by divine providence
             ... invoked by an orc priest
              (13 damage)
             ... on level 6 of the Dungeon.
             The game lasted 00:15:48 (6273 turns).

pascalblue the Destroyer (Deep Elf Conjurer)        Turns: 6273, Time: 00:15:49

Health: -6/41      AC:  3    Str:  4    XL:     8   Next: 27%
Magic:  7/19       EV: 12    Int: 26    God:
Gold:   268        SH:  0    Dex: 13    Spells: 6/19 levels left

rFire   . . .      SeeInvis +   m - +3 flail (protect)
rCold   . . .      Faith    .   (no shield)
rNeg    . . .      Spirit   .   (no armour)
rPois   .          Reflect  .   (no helmet)
rElec   .          Harm     .   (no cloak)
rCorr   .          Rampage  .   (no gloves)
Will    +....                   i - +2 pair of boots
Stlth   ++........              (no amulet)
HPRegen 0.00/turn               l - ring of willpower
MPRegen 0.16/turn               f - ring of see invisible

@: inhibited regen, slowed, lost strength, very slow
A: no striking features
a: no special abilities


You were on level 6 of the Dungeon.
You visited 1 branch of the dungeon, and saw 6 of its levels.

You collected 304 gold pieces.
You spent 36 gold pieces at shops.

Inventory:

Hand Weapons
 e - a +1 dagger of draining
 m - a +3 flail of protection (weapon)
Missiles
 k - a throwing net
Armour
 a - a +0 robe
 i - a +2 pair of boots (worn)
 s - the +1 robe of Amubial {rPois rCorr Str-4}
   (You found it on level 6 of the Dungeon)

   Str:       It affects your strength (-4).
   rPois:     It protects you from poison.
   rCorr:     It protects you from acid and corrosion.
Jewellery
 f - a ring of see invisible (right hand)
 l - a ring of willpower (left hand)
Wands
 p - a wand of paralysis (5)
Scrolls
 b - 2 scrolls of blinking
 g - a scroll of magic mapping
 h - a scroll of noise
 o - a scroll of acquirement {unknown}
 r - a scroll of enchant weapon
 t - a scroll of fear
Potions
 c - 2 potions of attraction
 d - 2 potions of lignification
 j - a potion of might {unknown}
 n - 4 potions of curing
 q - 2 potions of flight {unknown}


   Skills:
 - Level 2.4 Dodging
 - Level 2.4 Stealth
 + Level 6.3 Spellcasting
 * Level 8.2 Conjurations
 + Level 3.9 Hexes
 + Level 3.2 Translocations
 + Level 2.9 Air Magic
 + Level 3.2 Poison Magic


You had 6 spell levels left.
You knew the following spells:

 Your Spells              Type           Power      Damage    Failure   Level
a - Magic Dart            Conj           100%       1d8       1%          1
b - Searing Ray           Conj           100%       2d8       1%          2
c - Fulminant Prism       Conj/Hex       19%        3d11      5%          4
d - Iskenderun's Mystic   Conj/Tloc      38%        2d9       6%          4
e - Poisonous Vapours     Pois/Air       48%        N/A       2%          2

Your spell library contained the following spells:

 Spells                   Type           Power      Damage    Failure   Level
 Dazzling Flash           Conj/Hex       78%        N/A       1%          3
 Sting                    Tmut/Pois      64%        1d6       3%          1
 Gell's Gravitas          Tloc           12%        N/A       5%          3
 Lesser Beckoning         Tloc           25%        N/A       5%          3
 Teleport Other           Tloc           25%        N/A       5%          3
 Olgreb's Toxic Radiance  Pois           25%        N/A       17%         4
 Alistair's Intoxication  Tmut/Pois      10%        N/A       67%         5
 Borgnjor's Vile Clutch   Necr/Erth      4%         N/A       88%         5
 Eringya's Noxious Bog    Tmut/Pois      8%         N/A       99%         6


Dungeon Overview and Level Annotations

Branches:
Dungeon (6/15)
 Temple: D:4-7

Altars:
Kikubaaqudgha
Trog
The Shining One

Shops:
D:5 [!

Annotations:
D:5 3 runed translucent doors, Asceticacid's ghost, novice OpCj; Figureslego113's ghost, novice GnCK; Foxy's ghost, novice OgTm; Rennog's ghost, novice OgFi


Message History

Aiming: Searing Ray (safe; 1% risk of failure)
Press: ? - help, Shift-Dir - straight line, f - orc, p - orc priest
Aim: an orc, wielding a +0 short sword and wearing a +0 leather armour (83% to hit)
The searing ray hits the orc priest.
The orc priest is severely wounded.
The searing ray misses the orc. (Press . to maintain the ray.)
The orc priest closely misses you.
An ufetubus comes into view.
A hound comes into view.
The searing ray hits the orc!
You kill the orc!
The searing ray hits the black bear!
The black bear is moderately wounded.
The hound barks!
The orc priest barely misses you. x2
Casting: Searing Ray (safe; 1% risk of failure)
Confirm with . or Enter, or press ? or * to list all spells.
Aiming: Magic Dart (safe; 1% risk of failure)
Press: ? - help, Shift-Dir - straight line, f - orc priest
Aim: an orc priest, wielding a +0 whip and wearing a +0 chain mail (severely wounded, 100% to hit)
The magic dart hits the orc priest.
The orc priest is severely wounded.
The ufetubus shouts!
A howler monkey zombie comes into view.
The orc priest hits you with a +0 whip. The black bear misses you.
The black bear claws you.
The black bear claws you but does no damage.
Casting: Magic Dart (safe; 1% risk of failure)
Confirm with . or Enter, or press ? or * to list all spells.
Aiming: Magic Dart (safe; 1% risk of failure)
Press: ? - help, Shift-Dir - straight line, f/p - orc priest
Aim: an orc priest, wielding a +0 whip and wearing a +0 chain mail (severely wounded, 100% to hit)
The magic dart hits the orc priest but does no damage.
The orc priest is severely wounded.
The orc priest hits you with a +0 whip. The black bear bites you!
* * * LOW HITPOINT WARNING * * *
The black bear closely misses you. The black bear barely misses you.
The orc priest invokes the aid of Beogh against you.
Beogh smites you!
You die...

.................
#............#
#............#
##...........#.
#...........##.
##†.>........##.
##...##..........
##...###..........
#@.###..........##
.....hho##
#.#........##
.....5###
##########...
...).. #... ..Z..
#... ..... #...
.... #... #.#.
#...


You could see a black bear, a hound, an orc priest, an ufetubus and a howler
monkey zombie.

Vanquished Creatures
  Grinder (D:5)
  Eustachio (D:5)
  A necrophage (D:5)
  A centaur (D:5)
  An ogre (D:5)
  2 scorpions
  3 orc priests
  A bullfrog zombie (D:5)
  4 hounds
  5 orc wizards
  A scorpion zombie (D:5)
  A hound zombie (D:5)
  4 adders
  An ufetubus (D:4)
  3 dart slugs
  19 orcs
  7 bats
  8 endoplasms
  4 giant cockroaches
  2 goblins (D:1)
  7 hobgoblins
  11 kobolds
  5 quokkas
  7 ball pythons
  2 frilled lizards (D:2)
  4 rats
106 creatures vanquished.

Vanquished Creatures (others)
  A fulminant prism (D:5)
1 creature vanquished.

Grand Total: 107 creatures vanquished

Notes
Turn   | Place    | Note
-------+----------+-------------------------------------------
     0 | D:1      | pascalblue the Deep Elf Conjurer began the quest for the
                  | Orb.
     0 | D:1      | Reached XP level 1. HP: 10/10 MP: 6/6
   181 | D:1      | Reached XP level 2. HP: 15/15 MP: 6/8
   578 | D:1      | Learned a level 2 spell: Searing Ray
   649 | D:1      | Reached skill level 5 in Conjurations
  1325 | D:2      | Reached XP level 3. HP: 19/19 MP: 0/10
  2213 | D:2      | You fall into a shaft and drop 2 floors!
  2283 | D:4      | Noticed a scorpion
  2291 | D:4      | Killed a scorpion
  2292 | D:4      | Reached skill level 6 in Conjurations
  2292 | D:4      | Reached XP level 4. HP: 11/24 MP: 1/12
  2618 | D:4      | Reached XP level 5. HP: 28/28 MP: 10/14
  2768 | D:3      | Learned a level 4 spell: Fulminant Prism
  2773 | D:3      | Learned a level 4 spell: Iskenderun's Mystic Blast
  2776 | D:3      | Learned a level 2 spell: Poisonous Vapours
  3172 | D:3      | Reached skill level 1 in Hexes
  3857 | D:2      | Found a faded altar of an unknown god.
  4149 | D:4      | Reached skill level 5 in Spellcasting
  4149 | D:4      | Reached skill level 1 in Poison Magic
  4150 | D:4      | Reached XP level 6. HP: 32/32 MP: 7/15
  4275 | D:4      | Reached skill level 1 in Translocations
  4388 | D:4      | Reached skill level 1 in Air Magic
  4718 | D:5      | Entered Level 5 of the Dungeon
  4743 | D:5      | Reached skill level 7 in Conjurations
  4876 | D:5      | Found a runed translucent gate.
  4876 | D:5      | Found a runed translucent gate.
  4876 | D:5      | Found a runed translucent gate.
  4878 | D:5      | Noticed Figureslego113's ghost (novice GnCK)
  4878 | D:5      | Noticed Asceticacid's ghost (novice OpCj)
  4879 | D:5      | Noticed Foxy's ghost (novice OgTm)
  4879 | D:5      | Noticed Rennog's ghost (novice OgFi)
  4900 | D:5      | Reached XP level 7. HP: 19/36 MP: 5/17
  5191 | D:5      | Noticed Eustachio
  5208 | D:5      | Killed Eustachio
  5392 | D:5      | Found Xauniq's Antique Armour Boutique.
  5470 | D:5      | Found a glowing golden altar of the Shining One.
  5528 | D:5      | Noticed Grinder
  5537 | D:5      | Paralysed by Grinder for 3 turns
  5540 | D:5      | Killed Grinder
  5541 | D:5      | Reached XP level 8. HP: 30/41 MP: 7/19
  5738 | D:5      | Reached skill level 8 in Conjurations
  5814 | D:5      | Found Xiarimpy's Distillery.
  5820 | D:5      | Bought a potion of curing for 36 gold pieces
  5893 | D:5      | Found a bloodstained altar of Trog.
  5893 | D:5      | Found an ancient bone altar of Kikubaaqudgha.
  6214 | D:6      | Identified the +1 robe of Amubial {rPois rCorr Str-4}
  6226 | D:6      | Lost strength.
  6273 | D:6      | Killed from afar by an orc priest

Illustrated notes

Levels and vault maps discovered:
D:1:      elethiomel_arrival_infinity_welcomes_careful_drivers, layout_basic,
          minmay_fountain_box, minmay_misc_feat_plants,
          hangedman_feature_mirror, minmay_misc_feat_ornament
D:2:      wad_river_or_something, layout_basic,
          hellmonk_ecumenical_altar_arch_garden
D:3:      layout_loops_ring
D:4:      layout_basic
D:5:      layout_loops_cross, mainiacjoe_overflow_surrounded_room, minitemple,
          serial_shops, shop, gammafunk_ghost_cemetery, nicolae_stop_n_shop_1,
          uniq_eustachio, uniq_grinder
D:6:      layout_rooms, biasface_ghost_orc_armoury, minivault_14

Skill      XL: |  1  2  3  4  5  6  7  8 |
---------------+-------------------------+-----
Conjurations   | 5 6 7 8 |  8.2
Spellcasting   | 4 5 6 |  6.3
Hexes          | 1 2 3 |  3.9
Poison Magic   | 1 2 3 |  3.2
Translocations | 1 2 3 |  3.2
Air Magic      | 1 2 |  2.9
Dodging        | |  2.4
Stealth        | |  2.4

Action                   |  1- 3 |  4- 6 |  7- 9 || total
-------------------------+-------+-------+-------++-------
 Cast: Magic Dart        |    77 |    66 |    19 ||   162
       Searing Ray       |     2 |    11 |    18 ||    31
       Fulminant Prism   |       |       |     1 ||     1
  Use: Scroll            |       |    12 |       ||    12
Armor: Robe              |     3 |     8 |     3 ||    14
       Skin              |       |       |     2 ||     2
Dodge: Dodged            |     4 |    20 |    21 ||    45

Table legend: (Time is in decaauts)
 A = Elapsed time spent in this place.
 B = Non-inter-level travel time spent in this place.
 C = Inter-level travel time spent in this place.
 D = Time resting spent in this place.
 E = Time spent auto-exploring this place.
 F = Levels seen in this place.
 G = Mean time per level.
                   A        B        C        D        E       F      G
               +--------+--------+--------+--------+--------+-----+--------+
         Total |   6295 |   6093 |    202 |    596 |   4896 |   6 | 1049.2 |
       Dungeon |   6295 |   6093 |    202 |    596 |   4896 |   6 | 1049.2 |
               +--------+--------+--------+--------+--------+-----+--------+

Top non-repeatable levels by time:
     D:5: 1465 daAuts
     D:2: 1454 daAuts
     D:1: 1207 daAuts
     D:3: 1045 daAuts
     D:4: 1012 daAuts
     D:6: 110 daAuts
